[ AOE2 MATCH · #472550173 ]
UnrankedGeorgians vs Burgundians
Player's team · LOSS
[ REPLAY ANALYSIS · EXTRACTED FROM THE RECORDED GAME ]
Feudal
9:37
Castle
22:50
Imperial
40:36
| APM avg | 51.8 |
| APM peak | 77 |
| eAPM avg | 28.2 |
| Villagers / military | 158 / 126 |
Focus
⚔️ 26.8% · 🌾 73.2%
Archer ×104 · Monaspa ×9 · Monk ×7 · Spearman ×5 · Scout Cavalry ×1
Feudal
9:21
Castle
20:43
Imperial
43:27
| APM avg | 77.1 |
| APM peak | 123 |
| eAPM avg | 50.8 |
| Villagers / military | 178 / 159 |
Focus
⚔️ 67.3% · 🌾 32.7%
Coustillier ×91 · Knight ×35 · Battering Ram ×15 · Monk ×7 · Scout Cavalry ×6 · Mangonel ×2
Match map
Initial resources + every placement click. Lines = walls · curves = elevation contours. ◆ gold · ⬟ stone · ● berries · ✦ relic · ◌ wall gap
Inputs per minute
— Obywatel z nipem - - 灰之魔女伊蕾娜
Build order — Obywatel z nipem
First 150 of 459 actions detected
| 0:00 | Queue | Villager (Male) |
| 0:01 | Queue | Villager (Male) |
| 0:02 | Build | House |
| 0:02 | Build | House |
| 0:24 | Queue | Villager (Male) |
| 0:24 | Queue | Villager (Male) |
| 1:49 | Queue | Villager (Male) |
| 1:49 | Queue | Villager (Male) |
| 1:49 | Queue | Villager (Male) |
| 2:33 | Queue | Villager (Male) |
| 2:34 | Queue | Villager (Male) |
| 3:14 | Queue | Villager (Male) |
| 3:14 | Queue | Villager (Male) |
| 3:47 | Build | Mill |
| 4:02 | Queue | Villager (Male) |
| 4:02 | Queue | Villager (Male) |
| 4:08 | Build | House |
| 4:28 | Queue | Villager (Male) |
| 4:28 | Queue | Villager (Male) |
| 5:02 | Queue | Villager (Male) |
| 5:02 | Queue | Villager (Male) |
| 6:11 | Queue | Villager (Male) |
| 6:13 | Queue | Villager (Male) |
| 6:26 | Build | House |
| 6:38 | Research | Loom |
| 7:27 | Research | Feudal Age |
| 7:44 | Build | Barracks |
| 7:48 | Build | Barracks |
| 8:17 | Queue | Villager (Male) |
| 8:17 | Queue | Villager (Male) |
| 8:26 | Build | Mule Cart |
| 8:44 | Build | House |
| 9:04 | Build | Farm |
| 9:04 | Build | Farm |
| 9:37 | Age | Feudal Age |
| 9:52 | Build | Archery Range |
| 9:55 | Queue | Villager (Male) |
| 10:20 | Research | Double-Bit Axe |
| 10:29 | Build | Palisade Wall |
| 10:33 | Queue | Villager (Male) |
| 10:43 | Queue | Archer |
| 10:50 | Build | Palisade Wall |
| 10:54 | Build | House |
| 10:58 | Queue | Villager (Male) |
| 11:03 | Queue | Spearman |
| 11:04 | Queue | Spearman |
| 11:20 | Queue | Villager (Male) |
| 11:22 | Queue | Archer |
| 11:24 | Queue | Spearman |
| 11:37 | Build | Palisade Wall |
| 11:42 | Queue | Villager (Male) |
| 11:43 | Queue | Archer |
| 11:53 | Build | Palisade Wall |
| 11:58 | Queue | Archer |
| 12:14 | Queue | Spearman |
| 12:27 | Queue | Villager (Male) |
| 12:34 | Build | House |
| 12:35 | Queue | Archer |
| 12:44 | Build | Blacksmith |
| 12:49 | Build | Farm |
| 12:51 | Queue | Villager (Male) |
| 13:11 | Build | House |
| 13:22 | Queue | Villager (Male) |
| 13:23 | Queue | Archer |
| 13:41 | Research | Fletching |
| 13:41 | Research | Fletching |
| 13:45 | Build | House |
| 13:48 | Queue | Villager (Male) |
| 13:51 | Build | Farm |
| 13:52 | Build | Palisade Wall |
| 14:04 | Build | House |
| 14:32 | Queue | Villager (Male) |
| 14:33 | Queue | Archer |
| 14:35 | Build | Farm |
| 14:35 | Build | Farm |
| 15:08 | Build | House |
| 15:33 | Queue | Archer |
| 15:34 | Queue | Villager (Male) |
| 15:34 | Queue | Villager (Male) |
| 15:43 | Build | House |
| 15:44 | Build | Farm |
| 15:46 | Build | Farm |
| 15:46 | Build | Farm |
| 15:48 | Build | Farm |
| 15:48 | Build | Farm |
| 15:48 | Build | Farm |
| 15:49 | Build | Farm |
| 15:49 | Build | Farm |
| 15:49 | Build | Farm |
| 15:56 | Queue | Archer |
| 16:03 | Queue | Villager (Male) |
| 16:05 | Build | Farm |
| 16:16 | Queue | Archer |
| 16:22 | Research | Gold Mining |
| 16:26 | Build | Farm |
| 16:41 | Queue | Villager (Male) |
| 17:09 | Queue | Archer |
| 17:13 | Queue | Villager (Male) |
| 17:15 | Build | Farm |
| 17:21 | Build | Palisade Wall |
| 17:23 | Build | Palisade Wall |
| 17:30 | Build | Palisade Wall |
| 17:34 | Build | Palisade Wall |
| 17:35 | Queue | Archer |
| 17:37 | Queue | Villager (Male) |
| 17:47 | Build | Farm |
| 17:56 | Queue | Villager (Male) |
| 18:01 | Build | Market |
| 18:03 | Queue | Archer |
| 18:10 | Queue | Spearman |
| 18:16 | Queue | Villager (Male) |
| 18:32 | Queue | Archer |
| 18:40 | Research | Padded Archer Armor |
| 18:54 | Queue | Archer |
| 18:55 | Queue | Villager (Male) |
| 19:13 | Queue | Villager (Male) |
| 19:19 | Build | House |
| 19:20 | Build | House |
| 19:25 | Queue | Villager (Male) |
| 19:30 | Build | Palisade Wall |
| 20:04 | Research | Castle Age |
| 20:09 | Queue | Villager (Male) |
| 20:10 | Queue | Villager (Male) |
| 20:18 | Build | Stable |
| 20:27 | Build | Palisade Wall |
| 20:28 | Build | Palisade Wall |
| 20:35 | Build | House |
| 20:41 | Research | Wheelbarrow |
| 22:29 | Build | Archery Range |
| 22:50 | Age | Castle Age |
| 22:55 | Research | Crossbowman (upgrade) |
| 22:58 | Research | Bodkin Arrow |
| 22:58 | Research | Bodkin Arrow |
| 23:17 | Queue | Archer |
| 23:17 | Queue | Archer |
| 23:18 | Queue | Archer |
| 23:23 | Queue | Archer |
| 23:23 | Queue | Archer |
| 23:24 | Queue | Villager (Male) |
| 23:30 | Build | Town Center |
| 23:36 | Queue | Archer |
| 23:36 | Queue | Archer |
| 23:43 | Queue | Archer |
| 23:47 | Build | Town Center |
| 23:52 | Queue | Archer |
| 24:07 | Queue | Villager (Male) |
| 24:09 | Queue | Archer |
| 24:09 | Queue | Archer |
| 24:17 | Queue | Villager (Male) |
| 24:24 | Queue | Archer |
Build order — 灰之魔女伊蕾娜
First 150 of 542 actions detected
| 0:00 | Queue | Villager (Male) |
| 0:01 | Queue | Villager (Male) |
| 0:02 | Build | House |
| 0:03 | Build | House |
| 0:09 | Queue | Villager (Male) |
| 0:11 | Queue | Villager (Male) |
| 1:24 | Queue | Villager (Male) |
| 1:58 | Queue | Villager (Male) |
| 2:12 | Build | Lumber Camp |
| 2:27 | Queue | Villager (Male) |
| 2:44 | Queue | Villager (Male) |
| 3:05 | Research | Double-Bit Axe |
| 3:22 | Queue | Villager (Male) |
| 3:37 | Queue | Villager (Male) |
| 3:59 | Build | House |
| 4:04 | Queue | Villager (Male) |
| 4:29 | Queue | Villager (Male) |
| 4:31 | Queue | Villager (Male) |
| 4:48 | Queue | Villager (Male) |
| 5:11 | Build | Mill |
| 5:30 | Queue | Villager (Male) |
| 5:32 | Research | Loom |
| 5:41 | Queue | Villager (Male) |
| 5:42 | Research | Loom |
| 7:11 | Research | Feudal Age |
| 7:38 | Build | House |
| 7:57 | Build | Barracks |
| 7:59 | Build | Palisade Wall |
| 8:17 | Queue | Villager (Male) |
| 8:37 | Build | House |
| 9:14 | Queue | Villager (Male) |
| 9:21 | Age | Feudal Age |
| 9:23 | Build | Stable |
| 9:34 | Build | Mill |
| 9:41 | Queue | Flemish Militia |
| 9:41 | Queue | Flemish Militia |
| 9:51 | Queue | Villager (Male) |
| 9:54 | Build | House |
| 10:00 | Build | Palisade Wall |
| 10:01 | Build | Palisade Wall |
| 10:05 | Build | Palisade Wall |
| 10:06 | Build | Palisade Wall |
| 10:07 | Queue | Villager (Male) |
| 10:15 | Queue | Scout Cavalry |
| 10:16 | Queue | Scout Cavalry |
| 10:19 | Research | Horse Collar |
| 10:24 | Build | Palisade Wall |
| 10:31 | Build | Palisade Wall |
| 10:44 | Build | Palisade Wall |
| 10:46 | Build | Palisade Wall |
| 10:47 | Build | Palisade Wall |
| 10:48 | Queue | Villager (Male) |
| 10:50 | Build | Farm |
| 10:55 | Queue | Scout Cavalry |
| 11:05 | Build | House |
| 11:07 | Build | Palisade Wall |
| 11:09 | Build | Farm |
| 11:11 | Queue | Villager (Male) |
| 11:13 | Queue | Scout Cavalry |
| 11:20 | Queue | Villager (Male) |
| 11:26 | Build | Farm |
| 11:40 | Build | Farm |
| 11:48 | Queue | Villager (Male) |
| 11:57 | Build | Farm |
| 12:14 | Queue | Scout Cavalry |
| 12:19 | Build | Farm |
| 12:27 | Queue | Villager (Male) |
| 12:35 | Build | Farm |
| 12:41 | Build | House |
| 12:44 | Build | Palisade Wall |
| 12:46 | Queue | Villager (Male) |
| 13:01 | Research | Bow Saw |
| 13:20 | Queue | Villager (Male) |
| 13:40 | Build | Palisade Wall |
| 13:45 | Queue | Villager (Male) |
| 13:49 | Build | Archery Range |
| 13:58 | Build | Farm |
| 14:01 | Queue | Villager (Male) |
| 14:05 | Build | Farm |
| 14:14 | Build | House |
| 14:31 | Queue | Scout Cavalry |
| 14:52 | Queue | Spearman |
| 14:57 | Queue | Villager (Male) |
| 15:09 | Build | Mining Camp |
| 15:28 | Research | Wheelbarrow |
| 15:36 | Build | Farm |
| 15:38 | Build | Farm |
| 16:02 | Build | House |
| 16:04 | Build | Farm |
| 16:31 | Queue | Villager (Male) |
| 16:33 | Build | Farm |
| 16:58 | Queue | Villager (Male) |
| 17:08 | Build | Farm |
| 17:20 | Build | Blacksmith |
| 17:27 | Build | Farm |
| 17:38 | Queue | Villager (Male) |
| 17:46 | Build | Farm |
| 17:52 | Research | Castle Age |
| 18:22 | Build | Farm |
| 18:25 | Research | Scale Barding Armor |
| 18:45 | Build | House |
| 19:05 | Build | Market |
| 19:10 | Queue | Villager (Male) |
| 19:14 | Build | Stable |
| 20:08 | Build | Watch Tower |
| 20:10 | Build | Watch Tower |
| 20:13 | Build | Watch Tower |
| 20:43 | Age | Castle Age |
| 20:45 | Research | Cavalier (upgrade) |
| 20:46 | Queue | Knight |
| 20:46 | Queue | Knight |
| 20:46 | Queue | Villager (Male) |
| 20:51 | Queue | Knight |
| 20:55 | Queue | Villager (Male) |
| 21:10 | Queue | Knight |
| 21:12 | Research | Husbandry |
| 21:34 | Queue | Villager (Male) |
| 21:35 | Queue | Knight |
| 21:46 | Queue | Villager (Male) |
| 21:50 | Build | Palisade Wall |
| 21:57 | Queue | Knight |
| 21:57 | Queue | Villager (Male) |
| 22:08 | Queue | Knight |
| 22:18 | Build | Town Center |
| 22:25 | Queue | Villager (Male) |
| 22:43 | Queue | Villager (Male) |
| 22:45 | Build | Farm |
| 22:46 | Research | Gold Mining |
| 22:52 | Queue | Knight |
| 23:33 | Queue | Villager (Male) |
| 23:37 | Queue | Villager (Male) |
| 23:38 | Queue | Villager (Male) |
| 23:38 | Queue | Knight |
| 23:50 | Queue | Villager (Male) |
| 23:54 | Queue | Villager (Male) |
| 23:58 | Queue | Villager (Male) |
| 24:00 | Build | Farm |
| 24:00 | Build | Farm |
| 24:00 | Build | Farm |
| 24:00 | Build | Farm |
| 24:01 | Build | Farm |
| 24:09 | Queue | Villager (Male) |
| 24:10 | Queue | Knight |
| 24:16 | Build | Town Center |
| 24:17 | Queue | Villager (Male) |
| 24:22 | Queue | Knight |
| 24:26 | Queue | Villager (Male) |
| 24:29 | Build | Farm |
| 24:42 | Queue | Knight |
| 24:49 | Queue | Villager (Male) |
Match timeline
| 7:44 | Obywatel z nipem · first_building Barracks |
| 7:57 | 灰之魔女伊蕾娜 · first_building Barracks |
| 7:59 | 灰之魔女伊蕾娜 · wall_segment Palisade Wall x1 |
| 9:21 | 灰之魔女伊蕾娜 · age_up feudal |
| 9:23 | 灰之魔女伊蕾娜 · first_building Stable |
| 9:37 | Obywatel z nipem · age_up feudal |
| 9:52 | Obywatel z nipem · first_building Archery Range |
| 10:00 | 灰之魔女伊蕾娜 · wall_segment Palisade Wall x1 |
| 10:01 | 灰之魔女伊蕾娜 · wall_segment Palisade Wall x1 |
| 10:05 | 灰之魔女伊蕾娜 · wall_segment Palisade Wall x1 |
| 10:06 | 灰之魔女伊蕾娜 · wall_segment Palisade Wall x1 |
| 10:24 | 灰之魔女伊蕾娜 · wall_segment Palisade Wall x1 |
| 10:29 | Obywatel z nipem · wall_segment Palisade Wall x9 |
| 10:31 | 灰之魔女伊蕾娜 · wall_segment Palisade Wall x1 |
| 10:44 | 灰之魔女伊蕾娜 · wall_segment Palisade Wall x1 |
| 10:46 | 灰之魔女伊蕾娜 · wall_segment Palisade Wall x4 |
| 10:47 | 灰之魔女伊蕾娜 · wall_segment Palisade Wall x9 |
| 10:50 | Obywatel z nipem · wall_segment Palisade Wall x2 |
| 11:07 | 灰之魔女伊蕾娜 · wall_segment Palisade Wall x5 |
| 11:37 | Obywatel z nipem · wall_segment Palisade Wall x5 |
| 11:53 | Obywatel z nipem · wall_segment Palisade Wall x10 |
| 12:44 | 灰之魔女伊蕾娜 · wall_segment Palisade Wall x3 |
| 13:40 | 灰之魔女伊蕾娜 · wall_segment Palisade Wall x2 |
| 13:49 | 灰之魔女伊蕾娜 · first_building Archery Range |
| 13:52 | Obywatel z nipem · wall_segment Palisade Wall x1 |
| 17:21 | Obywatel z nipem · wall_segment Palisade Wall x1 |
| 17:23 | Obywatel z nipem · wall_segment Palisade Wall x1 |
| 17:30 | Obywatel z nipem · wall_segment Palisade Wall x1 |
| 17:34 | Obywatel z nipem · wall_segment Palisade Wall x1 |
| 19:30 | Obywatel z nipem · wall_segment Palisade Wall x1 |
| 19:51 | Obywatel z nipem · first_market_sell 100 wood |
| 19:52 | Obywatel z nipem · first_market_buy 100 food |
| 20:18 | Obywatel z nipem · first_building Stable |
| 20:27 | Obywatel z nipem · wall_segment Palisade Wall x1 |
| 20:28 | Obywatel z nipem · wall_segment Palisade Wall x1 |
| 20:43 | 灰之魔女伊蕾娜 · age_up castle |
| 21:07 | 灰之魔女伊蕾娜 · first_market_sell 100 wood |
| 21:50 | 灰之魔女伊蕾娜 · wall_segment Palisade Wall x1 |
| 22:15 | 灰之魔女伊蕾娜 · first_market_buy 100 stone |
| 22:50 | Obywatel z nipem · age_up castle |
| 26:21 | 灰之魔女伊蕾娜 · first_building Monastery |
| 27:04 | Obywatel z nipem · first_building Monastery |
| 27:58 | 灰之魔女伊蕾娜 · wall_segment Stone Wall x1 |
| 28:00 | 灰之魔女伊蕾娜 · wall_segment Stone Wall x1 |
| 28:03 | 灰之魔女伊蕾娜 · wall_segment Stone Wall x1 |
| 28:12 | 灰之魔女伊蕾娜 · wall_segment Stone Wall x1 |
| 29:50 | 灰之魔女伊蕾娜 · first_building Siege Workshop |
| 32:35 | 灰之魔女伊蕾娜 · first_building Castle |
| 38:45 | Obywatel z nipem · first_building Castle |
| 40:16 | Obywatel z nipem · wall_segment Palisade Wall x1 |
| 40:36 | Obywatel z nipem · age_up imperial |
| 43:27 | 灰之魔女伊蕾娜 · age_up imperial |
| 44:43 | Obywatel z nipem · resign |
[ AI ANALYSIS · 1 CREDIT ]
What really happened in this match?
Wolo.gg analyzes every decision: build order, eco, micro, common mistakes by bracket. Personalized analysis on WhatsApp or Discord in 30 seconds.
Civ guide
Georgians
Perfil
Bycol Wannabe